 Dungeon Crawl Stone Soup version 0.27-a0-797-g27d10ad80f (webtiles) character file.

Game seed: 1263236793088766394

914 Azzok the Thaumaturge (level 8, -7/50 HPs)
             Began as a Djinni Earth Elementalist on Mar 27, 2021.
             Mangled by a two-headed ogre
             ... wielding a +0 giant club
              (23 damage)
             ... on level 4 of the Dungeon.
             The game lasted 00:05:24 (5811 turns).

Azzok the Thaumaturge (Djinni Earth Elementalist)   Turns: 5811, Time: 00:05:24

Health: -7/50      AC:  4    Str:  7    XL:     8   Next: 9%
Gold:   151        EV: 12    Int: 19    God:
                   SH:  0    Dex: 14

rFire    + + .     SeeInvis .   c - +3 rapier (speed)
rCold    x . .     Faith    .   (no shield)
rNeg     . . .     Spirit   .   o - +1 robe "Qoech" {rPois}
rPois    ∞         Reflect  .   (no helmet)
rElec    .         Harm     .   (no cloak)
rCorr    .         Rampage  .   k - +0 pair of gloves
Will     .....                  (boots unavailable)
Stlth    ++........             (no amulet)
HPRegen  0.16/turn              (no ring)
MPRegen  0.00/turn              (no ring)

@: flying
A: fire resistance 2, cold vulnerability 1, float, innate caster, hp casting,
extra vitality 1
a: no special abilities


You were on level 4 of the Dungeon.
You visited 1 branch of the dungeon, and saw 6 of its levels.

You collected 151 gold pieces.

Inventory:

Hand Weapons
 c - a +3 rapier of speed (weapon)
Missiles
 b - 7 stones
Armour
 k - a +0 pair of gloves (worn)
 o - the +1 robe "Qoech" (worn) {rPois}
   (You found it on level 6 of the Dungeon)

   It protects you from poison.
Wands
 n - a wand of digging (4)
Scrolls
 a - 3 scrolls of magic mapping {unknown}
 g - 2 scrolls of identify {unknown}
 h - a scroll of noise {unknown}
 i - a scroll of vulnerability {unknown}
 j - a scroll of fear {unknown}
 l - a scroll of amnesia {unknown}
 m - a scroll of enchant armour {unknown}
Potions
 d - 3 potions of heal wounds {unknown}
 e - 2 potions of curing {unknown}
 f - a potion of lignification {unknown}


   Skills:
 - Level 2.1 Dodging
 - Level 1.5 Stealth
 + Level 8.0 Spellcasting


You had 2 spell levels left.
You knew the following spells:

 Your Spells              Type           Power      Damage    Failure   Level
a - Sandblast             Erth           76%        2d16      1%          1
b - Stone Arrow           Conj/Erth      76%        3d11      1%          3
c - Passwall              Tmut/Erth      31%        N/A       1%          2
d - Petrify               Tmut/Erth      38%        N/A       3%          4
e - Lee's Rapid Deconstr  Erth           19%        3d12*     9%          5
f - Apportation           Tloc           76%        N/A       1%          1
g - Slow                  Hex            38%        N/A       1%          2
h - Ozocubu's Armour      Ice            38%        N/A       1%          3
Your spell library was empty.

Dungeon Overview and Level Annotations

Branches:
Dungeon (6/15)
 Temple: D:4-7

Altars:
Dithmenos
Elyvilon
Fedhas
Kikubaaqudgha
Qazlal
Ru
Sif Muna
Vehumet
Yredelemnul
Zin

Annotations:
D:4 4 runed translucent doors, Crazy Yiuf; Tsundere's ghost, amateur HOBe


Innate Abilities, Weirdness & Mutations

You are immune to poison.
Your flesh is very heat resistant. (rF++)
You are vulnerable to cold. (rC-)
You float through the air rather than walking.
You learn spells naturally, not from books.
Your magical power is your life essence.
You have superior vitality. (+4 HP)


Message History

Aim: a howler monkey (heavily wounded, catching its breath, 20% to evade)
The blast of sand hits the howler monkey!
You kill the howler monkey!
Your Spellcasting skill increases to level 8!
You see here a howler monkey corpse.
You see here a howler monkey corpse.
Things that are here:
a +0 robe; a +0 glaive A hobgoblin comes into view.
A hobgoblin is nearby!
A hobgoblin is nearby!
The hobgoblin misses you.
You closely miss the hobgoblin. The hobgoblin barely misses you.
You hit the hobgoblin.
You kill the hobgoblin!
A goblin comes into view. It is wielding a +0 dagger.
A goblin is nearby!
A goblin is nearby!
You completely miss the goblin. The goblin hits you with a +0 dagger.
You barely miss the goblin. The goblin hits you but does no damage.
You hit the goblin.
The goblin is heavily wounded.
The goblin hits you but does no damage.
You closely miss the goblin.
The goblin is heavily wounded.
A two-headed ogre comes into view.
It is wielding a +0 giant club and a +0 giant spiked club.
The two-headed ogre shouts in stereo!
You puncture the goblin!
You kill the goblin!
You see here a +0 dagger.
The two-headed ogre hits you with a +0 giant club!
The two-headed ogre hits you with a +0 giant spiked club!!
* * * LOW HITPOINT WARNING * * *
You are too injured to fight recklessly!
You are too injured to fight recklessly!
You are too injured to fight recklessly!
You are too injured to fight recklessly!
You closely miss the two-headed ogre.
The two-headed ogre hits you with a +0 giant club!!
You die...

··▒ ▒▒··▒
▒▒▒·KKWK▒▒·▒▒▒··▒·▒▒ ▒▒▒
▒···▒ ▒·▒··K▒K▒·▒
▒······ ▒(··▒
▒⌠·▒·▒·⌠▒▒▒ ▒▒·▒▒▒▒
▒···▒ ▒·▒··K▒·▒ ▒·▒▒▒▒
▒···▒ ▒▒·····▒▒ ▒·····
▒···▒ ▒▒$:·▒ ▒▒▒▒▒▒
▒▒▒▒▒···▒▒▒▒▒▒▒▒▒▒▒▒
··············▒▒···▒▒▒··
··············)·@O······
··············▒▒····▒▒··
▒▒▒·▒····▒▒▒▒▒▒▒········
▒······▒ ▒········ ▒
▒·▒····▒ ▒▒▒▒·▒▒▒▒ ▒
▒·▒····▒▒▒▒▒▒ ···▒ ▒
▒·▒·········▒ ▒·▒ ▒ ▒
▒······▒▒▒▒·▒ ▒·▒
▒▒▒▒▒▒▒ ▒ ▒▒▒▒▒▒·▒ ▒·▒
▒·▒ ▒······


You could see a two-headed ogre.

Vanquished Creatures
  Grinder (D:5)
  Eustachio (D:4)
  Edmund (D:4)
  An ogre (D:6)
  A bullfrog (D:6)
  Blork the orc (D:4)
  A howler monkey (D:4)
  A bullfrog skeleton (D:3)
  An orc priest (D:3)
  An iguana (D:4)
  An orc wizard (D:3)
  3 adders
  A gnoll (D:1)
  An ufetubus (D:4)
  4 orcs
  5 endoplasms
  4 giant cockroaches
  3 goblins
  10 hobgoblins
  7 jackals
  2 quokkas
  10 ball pythons
  4 bats
  4 frilled lizards
  6 kobolds
  2 rats
77 creatures vanquished.

Vanquished Creatures (others)
  4 plants (D:6)
4 creatures vanquished.

Grand Total: 81 creatures vanquished

Notes
Turn   | Place    | Note
-------+----------+-------------------------------------------
     0 | D:1      | Azzok the Djinni Earth Elementalist began the quest for the
                  | Orb.
     0 | D:1      | Reached XP level 1. HP: 15/15 MP: 0/0
   172 | D:1      | Reached skill level 3 in Spellcasting
   174 | D:1      | Reached XP level 2. HP: 14/21 MP: 0/0
   801 | D:1      | Reached XP level 3. HP: 12/25 MP: 0/0
   801 | D:1      | Learned a level 1 spell: Apportation
  1935 | D:2      | Found a basalt altar of Yredelemnul.
  2228 | D:2      | Reached skill level 4 in Spellcasting
  2230 | D:2      | Reached XP level 4. HP: 23/31 MP: 0/0
  3559 | D:3      | Reached XP level 5. HP: 25/35 MP: 0/0
  3559 | D:3      | Learned a level 2 spell: Slow
  3668 | D:3      | Found a shadowy altar of Dithmenos.
  3712 | D:3      | Reached skill level 5 in Spellcasting
  4188 | D:3      | Found a sacrificial altar of Ru.
  4292 | D:4      | Noticed Blork the orc
  4297 | D:4      | Killed Blork the orc
  4298 | D:4      | Reached XP level 6. HP: 34/40 MP: 0/0
  4421 | D:4      | Noticed Edmund
  4424 | D:4      | You are sucked into a shaft and drop 2 floors!
  4439 | D:6      | Reached skill level 6 in Spellcasting
  4440 | D:6      | Identified the +1 robe "Qoech" {rPois}
  4544 | D:5      | Entered Level 5 of the Dungeon
  4560 | D:5      | Found a white marble altar of Elyvilon.
  4653 | D:5      | Found a blossoming altar of Fedhas.
  4728 | D:5      | Noticed Grinder
  4742 | D:5      | Killed Grinder
  4743 | D:5      | Reached skill level 7 in Spellcasting
  4743 | D:5      | Reached XP level 7. HP: 38/45 MP: 0/0
  4743 | D:5      | Learned a level 3 spell: Ozocubu's Armour
  4790 | D:4      | Found a stormy altar of Qazlal.
  4969 | D:4      | Found a runed translucent door.
  4970 | D:4      | Noticed Crazy Yiuf
  5130 | D:4      | Found a runed translucent gate.
  5133 | D:4      | Found a runed translucent gate.
  5133 | D:4      | Noticed Tsundere's ghost (amateur HOBe)
  5137 | D:4      | Found a runed translucent gate.
  5147 | D:4      | Noticed Eustachio
  5160 | D:4      | Killed Eustachio
  5316 | D:4      | Killed Edmund
  5317 | D:4      | Reached XP level 8. HP: 22/50 MP: 0/0
  5546 | D:4      | Found a glowing silver altar of Zin.
  5639 | D:4      | Reached skill level 8 in Spellcasting
  5806 | D:4      | Noticed a two-headed ogre
  5811 | D:4      | Mangled by a two-headed ogre

Illustrated notes

Levels and vault maps discovered:
D:1:      giann_horns, layout_loops_ring, chequers_garden, minmay_domino_4
D:2:      layout_loops_ring, yredelemnul_altar_generic
D:3:      layout_loops_corners, grunt_temple_overflow_magic_moments,
          nicolae_overflow_crystal_walls, grunt_dithmenos_smoke
D:4:      layout_loops_cross, zin_academy, kennysheep_mini_moat,
          gammafunk_ghost_nasty_kobolds, small_statue_intersection,
          uniq_blork_the_orc, uniq_edmund, uniq_eustachio,
          uniq_crazy_yiuf_cottage
D:5:      layout_loops_cross, fedhas_altar_2, elyvilon_altar_4, serial_shops,
          nicolae_shop_stone, uniq_grinder
D:6:      layout_rooms, minmay_temple_entry_stoned_glass, minivault_10,
          serial_bayou_pond_b, minivault_11

Skill      XL: |  1  2  3  4  5  6  7  8 |
---------------+-------------------------+-----
Spellcasting   | 3 4 5 7 8 |  8.0
Dodging        | |  2.1
Stealth        | |  1.5

Action                   |  1- 3 |  4- 6 |  7- 9 || total
-------------------------+-------+-------+-------++-------
Melee: Unarmed           |   108 |    44 |       ||   152
       Rapier            |       |       |    24 ||    24
 Cast: Sandblast         |    40 |    47 |    12 ||    99
       Stone Arrow       |     1 |     5 |    15 ||    21
 Stab: Sleeping          |     1 |     1 |       ||     2
Armor: Robe              |    31 |     8 |     3 ||    42
Dodge: Dodged            |    85 |    39 |    11 ||   135

Table legend: (Time is in decaauts)
 A = Elapsed time spent in this place.
 B = Non-inter-level travel time spent in this place.
 C = Inter-level travel time spent in this place.
 D = Time resting spent in this place.
 E = Time spent auto-exploring this place.
 F = Levels seen in this place.
 G = Mean time per level.
                   A        B        C        D        E       F      G
               +--------+--------+--------+--------+--------+-----+--------+
         Total |   5805 |   5770 |     35 |   1459 |   3716 |   6 |  967.5 |
       Dungeon |   5805 |   5770 |     35 |   1459 |   3716 |   6 |  967.5 |
               +--------+--------+--------+--------+--------+-----+--------+

Top non-repeatable levels by time:
     D:1: 1825 daAuts
     D:3: 1290 daAuts
     D:2: 1165 daAuts
     D:4: 1158 daAuts
     D:5: 245 daAuts
     D:6: 119 daAuts
